 Dungeon Crawl Stone Soup version 0.21.0-24-g2553a33 (webtiles) character file.

514 Stormphoenix the Insei (level 7, -1/52 HPs)
             Began as a Demonspawn Monk on Jan 19, 2018.
             Was a Believer of Makhleb.
             Slain by an ufetubus (2 damage)
             ... summoned by Eustachio
             ... on level 4 of the Dungeon.
             The game lasted 00:12:14 (4699 turns).

Stormphoenix the Insei (Demonspawn Monk)            Turns: 4699, Time: 00:12:14

Health: -1/52      AC:  7    Str: 13    XL:     7   Next: 0%
Magic:  7/7        EV: 10    Int: 16    God:    Makhleb [**....]
Gold:   152        SH:  0    Dex: 18    Spells: 6/6 levels left

rFire    + . .     SeeInvis .     - Unarmed
rCold    . . .     Gourm    .   (no shield)
rNeg     . . .     Faith    .   f - +1 scale mail
rPois    .         Spirit   .   (no helmet)
rElec    .         Reflect  .   (no cloak)
rCorr    .         Harm     .   (no gloves)
MR       .....                  (no boots)
Stlth    +.........             (no amulet)
HPRegen  0.17/turn              (no ring)
MPRegen  0.10/turn              (no ring)

@: brilliant
A: claws 1, talons 1, agile 1, fire resistance 1, flame cloud immunity
a: Minor Destruction, Renounce Religion


You were on level 4 of the Dungeon.
You worshipped Makhleb.
Makhleb was pleased with you.
You were hungry.

You visited 2 branches of the dungeon, and saw 5 of its levels.

You collected 152 gold pieces.

Inventory:

Armour
 f - a +1 scale mail (worn)
 h - a +0 leather armour
Wands
 l - a wand of disintegration (16)
Scrolls
 a - 3 scrolls of identify
 c - a scroll of fear
Potions
 e - a potion of brilliance
Comestibles
 b - 8 rations


   Skills:
 - Level 3.0 Fighting
 - Level 2.6 Dodging
 - Level 1.7 Stealth
 + Level 7.3 Unarmed Combat


You had 6 spell levels left.
You didn't know any spells.

Dungeon Overview and Level Annotations

Branches:
Dungeon (4/15)             Temple (1/1) D:4

Altars:
Ashenzari
Elyvilon
Fedhas
Gozag
Kikubaaqudgha
Makhleb
Okawaru
Qazlal
Ru
Trog
Uskayaw
Wu Jian
Xom
Yredelemnul
Zin
Jiyva

Annotations:
D:4 Eustachio


Innate Abilities, Weirdness & Mutations

You have sharp fingernails.
You have sharp toenails.
Your flesh is heat resistant. (rF+)
You are immune to clouds of flame.
You are agile. (Dex +2)


Message History

The ufetubus hits you but does no damage.
The ufetubus closely misses you.
The ufetubus hits you but does no damage.
You scratch the ufetubus. Your kick misses the ufetubus.
The ufetubus is heavily wounded.
The ufetubus hits you but does no damage. x2
The ufetubus hits you.
* * * LOW HITPOINT WARNING * * *
The ufetubus barely misses you.
Your scale mail prevents you from hitting the ufetubus.
The ufetubus is heavily wounded.
The ufetubus barely misses you. The ufetubus closely misses you.
The ufetubus hits you but does no damage. x2
You claw the ufetubus!
You kill the ufetubus!
The ufetubus hits you but does no damage. x2
The ufetubus hits you.
* * * LOW HITPOINT WARNING * * *
The ufetubus hits you.
You die...

########
.......#############
.....#.............#
...##..[...........#
..#.#..............#
##.#...............#
.##................#
#.#................#
.#..............@..#
#............####5######
#......########........#
# ..... #........# #
.... #r.......# . ...
#........# # #........#
.# .(.....rr# #
..........#


You could see an ufetubus and 2 rats.

Vanquished Creatures
  A phantom (D:4)
  An ogre (D:4)
  The ghost of pstr the Digger, a weakling NaEE (D:3)
  3 orc priests (D:3)
  A hound (D:4)
  Terence (D:3)
  Robin (D:3)
  3 adders
  3 oozes
  A worm (D:2)
  3 leopard geckos
  7 orcs (D:3)
  A ball python (D:3)
  10 bats
  2 giant cockroaches (D:2)
  6 hobgoblins
  16 jackals
  A quokka (D:2)
  8 frilled lizards
  18 goblins
  6 kobolds
  8 rats
102 creatures vanquished.

Vanquished Creatures (others)
  4 toadstools (D:1)
4 creatures vanquished.

Grand Total: 106 creatures vanquished

Notes
Turn   | Place    | Note
-------+----------+-------------------------------------------
     0 | D:1      | Stormphoenix the Demonspawn Monk began the quest for the Orb.
     0 | D:1      | Reached XP level 1. HP: 18/18 MP: 1/1
   109 | D:1      | Reached skill level 3 in Unarmed Combat
   225 | D:1      | Gained mutation: You have sharp toenails. [demonic ancestry]
   225 | D:1      | Reached XP level 2. HP: 24/24 MP: 2/2
   370 | D:1      | HP: 1/24 [jackal (2)]
   854 | D:1      | Gained mutation: You are agile. (Dex +2) [potion of mutation]
   854 | D:1      | Lost mutation: You are agile. (Dex +2) [potion of mutation]
   854 | D:1      | Gained mutation: You are agile. (Dex +2) [potion of mutation]
   885 | D:2      | Gained mutation: Your flesh is heat resistant. (rF+) [demonic ancestry]
   885 | D:2      | Reached XP level 3. HP: 29/29 MP: 3/3
  1042 | D:2      | Reached skill level 4 in Unarmed Combat
  1894 | D:2      | Gained mutation: You are immune to clouds of flame. [demonic ancestry]
  1894 | D:2      | Reached XP level 4. HP: 35/35 MP: 4/4
  2679 | D:3      | Noticed pstr's ghost (weakling NaEE)
  2705 | D:3      | Killed pstr's ghost
  2705 | D:3      | Reached skill level 5 in Unarmed Combat
  3022 | D:3      | Gained mutation: You have sharp fingernails. [demonic ancestry]
  3022 | D:3      | Reached XP level 5. HP: 36/41 MP: 5/5
  3032 | D:3      | Noticed Robin
  3049 | D:3      | Killed Robin
  3090 | D:3      | Reached skill level 6 in Unarmed Combat
  3101 | D:3      | Reached XP level 6. HP: 20/47 MP: 6/6
  3495 | D:3      | Found a sparkling altar of Nemelex Xobeh.
  3497 | D:3      | Found a hide-covered altar of Uskayaw.
  3497 | D:3      | Found a white marble altar of Elyvilon.
  3499 | D:3      | Found a sacrificial altar of Ru.
  3499 | D:3      | Found a shimmering altar of Xom.
  3499 | D:3      | Found a shimmering altar of Xom.
  3542 | D:3      | Noticed Terence
  3555 | D:3      | Killed Terence
  3567 | D:3      | Found a white marble altar of Elyvilon.
  3726 | D:4      | Found a staircase to the Ecumenical Temple.
  3735 | Temple   | Entered the Ecumenical Temple
  4180 | D:4      | Found a burning altar of Makhleb.
  4207 | D:4      | Became a worshipper of Makhleb the Destroyer
  4207 | D:4      | Reached * piety under Makhleb
  4207 | D:4      | Reached ** piety under Makhleb
  4260 | D:4      | Reached skill level 7 in Unarmed Combat
  4649 | D:4      | Reached XP level 7. HP: 52/52 MP: 7/7
  4671 | D:4      | Noticed Eustachio
  4699 | D:4      | HP: 1/52 [ufetubus[Eustachio] (2)]
  4699 | D:4      | Slain by an ufetubus

Skill      XL: |  1  2  3  4  5  6 |
---------------+-------------------+-----
Unarmed Combat | 3 4 5 6 7 |  7.3
Fighting       | |  3.0
Dodging        | |  2.6
Stealth        | |  1.7

Action                   |  1- 3 |  4- 6 |  7- 9 || total
-------------------------+-------+-------+-------++-------
Melee: Unarmed           |   148 |   161 |    21 ||   330
       Kick              |    27 |    50 |     4 ||    81
       Punch             |       |     5 |       ||     5
  Use: Scroll            |     4 |     8 |     1 ||    13
       Potion            |     2 |     5 |     2 ||     9
 Stab: Sleeping          |     5 |       |       ||     5
  Eat: Chunk             |     3 |     5 |       ||     8
       Ration            |       |     1 |       ||     1
Armor: Robe              |    20 |       |       ||    20
       Leather armour    |    13 |       |       ||    13
       Scale mail        |       |    67 |    24 ||    91
Dodge: Dodged            |   120 |    76 |    28 ||   224
